 Dungeon Crawl Stone Soup version 0.30-a0-373-gd37427bb62 (webtiles) character file.

Game seed: 6845980099259114194

17688 qeuew the Skirmisher (level 12, -2/92 HPs)
             Began as a Formicid Hunter on Nov 23, 2022.
             Was an Elder of the Shining One.
             Slain by an orc knight
             ... wielding a +0 bardiche
              (15 damage)
             ... on level 2 of the Orcish Mines.
             The game lasted 00:29:17 (10133 turns).

qeuew the Skirmisher (Formicid Hunter)             Turns: 10133, Time: 00:29:17

Health: -2/92      AC:  7    Str: 18    XL:     12   Next: 85%
Magic:  15/15      EV: 19    Int:  7    God:    the Shining One [****..]
Gold:   439        SH: 19    Dex: 24    Spells: 11/11 levels left

rFire   . . .      SeeInvis +    b - +4 battleaxe
rCold   + + .      Faith    .    f - +3 warlock's mirror {reflect}
rNeg    + + .      Spirit   .    m - +0 leather armour of Beogh's Benevolence {rElec rC+ Regen+ rCorr}
rPois   .          Reflect  +    (helmet unavailable)
rElec   +          Harm     .    (no cloak)
rCorr   +          Rampage  .    (no gloves)
Will    ++...                    g - +2 pair of boots
Stlth   +.........               t - amulet of regeneration
HPRegen 3.55/turn                j - ring of resist corrosion
MPRegen 0.14/turn                v - ring of Qurajur {rC+ Str+2 Int-3 Dex+3 Slay+2}

@: mighty, divinely shielded, glowing, studying 2 skills
A: permanent stasis, dig shafts and tunnels, antennae 3, four strong arms,
strong-willed 1, regeneration 2, MP-powered wands
a: Dig, Shaft Self, Renounce Religion, Divine Shield, Cleansing Flame


You were on level 2 of the Orcish Mines.
You worshipped the Shining One.
The Shining One was greatly pleased with you.
You visited 4 branches of the dungeon, and saw 16 of its levels.
You also visited: Gauntlet.

You collected 1018 gold pieces.
You spent 579 gold pieces at shops.

Inventory:

Hand Weapons
 b - a +4 battleaxe (weapon)
 n - a +3 shortbow of freezing
Armour
 f - the +3 warlock's mirror (worn) {reflect}
   (You acquired it on level 1 of the Dungeon)

   It can block and reflect piercing ranged attacks and magical attacks against
   the wielder's willpower.
 g - a +2 pair of boots (worn)
 m - the +0 leather armour of Beogh's Benevolence (worn) {rElec rC+ Regen+ rCorr}
   (You found it on level 7 of the Dungeon)

   rC:        It protects you from cold.
   rElec:     It insulates you from electricity.
   Regen:     It increases your rate of health regeneration.
   rCorr:     It protects you from acid and corrosion.
Jewellery
 j - a ring of resist corrosion (left hand)
 t - an amulet of regeneration (around neck)
 v - the ring of Qurajur (right hand) {rC+ Str+2 Int-3 Dex+3 Slay+2}
   (You bought it in a shop on level 10 of the Dungeon)

   [ring of protection from cold]

   Str:       It affects your strength (+2).
   Int:       It affects your intelligence (-3).
   Dex:       It affects your dexterity (+3).
   Slay:      It affects your accuracy & damage with ranged weapons and melee
   (+2).
   rC:        It protects you from cold.
Wands
 i - a wand of iceblast (10)
 k - a wand of charming (25) (quivered)
 u - a wand of digging (2)
Scrolls
 c - 2 scrolls of fog
 h - 5 scrolls of amnesia
 p - 3 scrolls of identify
 q - 3 scrolls of magic mapping
Potions
 a - 2 potions of might
 d - 4 potions of curing
 l - a potion of resistance
 o - 2 potions of flight
 r - 2 potions of mutation
 s - a potion of brilliance


   Skills:
 + Level 8.0 Fighting
 + Level 5.2 Axes
 * Level 10.6 Ranged Weapons
 + Level 7.4 Armour
 * Level 9.3 Dodging
 - Level 1.2 Stealth
 * Level 9.8 Shields
 + Level 4.9 Invocations
 + Level 4.8 Evocations


You had 11 spell levels left.
You didn't know any spells.
Your spell library contained the following spells:

 Spells                   Type           Power      Damage    Failure   Level
 Apportation              Tloc           0%         N/A       54%         1
 Foxfire                  Conj/Fire      0%         2x1d4     54%         1
 Freeze                   Ice            0%         1d3       54%         1
 Magic Dart               Conj           0%         1d3       54%         1
 Summon Small Mammal      Summ           0%         N/A       54%         1
 Call Imp                 Summ           0%         N/A       67%         2
 Call Canine Familiar     Summ           0%         N/A       88%         3
 Kindle Blastsparks       Fire/Tloc/Air  0%         2d10      88%         3
 Mephitic Cloud           Conj/Pois/Air  0%         N/A       88%         3
 Summon Guardian Golem    Hex/Summ       0%         N/A       88%         3
 Fulminant Prism          Conj/Hex       0%         3d5       99%         4
 Iskenderun's Mystic Bla  Conj/Tloc      0%         2d3       99%         4
 Lee's Rapid Deconstruct  Erth           0%         3d4*      100%        5
 Orb of Destruction       Conj           0%         9d5       100%        7
 Spellforged Servitor     Conj/Summ      0%         N/A       100%        7


Dungeon Overview and Level Annotations

Branches:
Dungeon (12/15)            Temple (1/1) D:7            Lair (1/5) D:10
    Orc (2/2) D:10            Elf (0/3) Orc:2       Gauntlet (visited)

Altars:
Ashenzari
Cheibriados
Dithmenos
Elyvilon
Fedhas
Gozag
Hepliaklqana
Kikubaaqudgha
Makhleb
Nemelex Xobeh
Okawaru
Qazlal
Ru
Sif Muna
Trog
Uskayaw
Vehumet
Wu Jian
Xom
Yredelemnul
Zin
The Shining One

Shops:
D:8 [   D:10 =   Orc:1 *   Orc:2 (:

Annotations:
D:8 2 runed translucent doors, Manisia's ghost, novice MiBe
Orc:1 Fannar
Orc:2 Nergalle; Nessos


Innate Abilities, Weirdness & Mutations

You cannot be hasted, slowed, berserked, paralysed or teleported.
You can dig through walls and to a lower floor.
You have a pair of large antennae on your head. (SInv)
Your four strong arms can wield two-handed weapons with a shield.
You are strong-willed. (Will+)
You heal very quickly.
You expend magic power (3 MP) to strengthen your wands.


Message History

You feel invigorated.
The chaos spawn hits you but does no damage.
The orc warrior hits you with a +0 battleaxe!!
The orc knight hits you from afar with a +0 bardiche!
* * * LOW HITPOINT WARNING * * *
The orc sorcerer hits you with a +0 dagger.
* * * LOW HITPOINT WARNING * * *
You barely miss the orc sorcerer. You slash the orc warrior!
You hit the chaos spawn. You barely miss the orc warrior.
Nessos pounds the earth with their hooves.
The chaos spawn barely misses you.
The hellwing swoops through the air toward you!
The hellwing hits you!
* * * LOW HITPOINT WARNING * * *
The hellwing hits you.
* * * LOW HITPOINT WARNING * * *
The orc warrior misses you. The orc knight completely misses you.
The orc warrior misses you.
The orc sorcerer hits you with a +0 dagger.
* * * LOW HITPOINT WARNING * * *
You feel better.
You feel less invigorated.
Nessos gestures wildly while chanting.
Nessos blinks!
You block the chaos spawn's attack.
The orc high priest calls down the wrath of Beogh upon you.
Beogh smites you!
* * * LOW HITPOINT WARNING * * *
The orc knight barely misses you. You block the orc warrior's attack.
The hellwing misses you. x2; The orc sorcerer barely misses you.
An orc priest and an orc warrior come into view.
Unknown command.
Activating: Cleansing Flame (43% risk of failure)
Press: ? - help, Dir - look around, f - activate Look: an orc sorcerer, wielding a +0 dagger and wearing a +0 robe (strong, haloed)
You fail to use your ability.
Nessos gestures wildly while chanting.
Nessos blinks!
You block the chaos spawn's attack. The hellwing closely misses you.
The hellwing completely misses you. You block the orc warrior's attack.
The orc knight hits you from afar with a +0 bardiche!
You die...

...................#
..............#...#
###................#
#.................
#.................
##...............#. {
##...............#..
#..4..........#...#. {
###@o..............#
.ooo8ooo4...........#.#
.ooooooo..............##
o..ooo34......ยง.........
..oo..............##....
....8.....c...)....##...
..#####............##...
.. ..................
..........##...


You could see Nessos (fast), an orc knight, Nergalle (strong), an orc high
priest (strong), a hellwing (summoned), a neqoxec (summoned), a chaos spawn
(summoned), an orc sorcerer (strong), a red devil (summoned), 9 orc warriors, 2
orc priests, 3 orc wizards and 2 orcs.

Vanquished Creatures
  Gastronok (D:10)
  A boulder beetle (D:12)
  A deep elf pyromancer (D:12)
  A necromancer (Gauntlet)
  2 ugly things (D:12)
  An orc sorcerer (Orc:1)
  2 gargoyles
  An unseen horror (D:11)
  A kobold demonologist (D:10)
  A rime drake (D:10)
  2 komodo dragons
  An efreet (D:11)
  2 trolls (D:9)
  A raiju (Gauntlet)
  3 slime creatures (D:12)
  A vampire (D:10)
  3 shadows
  4 wyverns
  3 yaks (D:10)
  A wraith (D:11)
  An unseen horror simulacrum (D:9)
  A fire bat (Gauntlet)
  5 vampire mosquitoes (D:12)
  4 steam dragons
  2 wargs (Orc:2)
  3 acid dragons
  A water moccasin (D:7)
  Duvessa (D:5)
  2 black bears
  8 orc warriors
  9 ice beasts
  4 sky beasts
  7 ogres
  4 wolves
  A phantom (D:5)
  2 centaurs
  A kobold brigand (D:7)
  2 gnoll sergeants
  5 bullfrogs
  3 scorpions
  9 wights
  Dowan (D:5)
  5 killer bees (D:10)
  5 howler monkeys (D:12)
  2 electric eels (D:10)
  2 jellies (D:5)
  10 orc priests
  8 hounds
  5 iguanas
  18 orc wizards
  A centaur simulacrum (D:9)
  11 gnolls
  6 adders
  2 shadow imps (D:6)
  2 white imps
  A howler monkey simulacrum (D:9)
  A worm (D:3)
  47 orcs
  8 ball pythons
  4 bats
  5 endoplasms
  6 giant cockroaches
  10 hobgoblins
  6 jackals
  7 kobolds
  9 quokkas
  2 frilled lizards (D:2)
  5 goblins
  5 rats
302 creatures vanquished.

Vanquished Creatures (collateral kills)
  2 fire bats (Gauntlet)
  A hell hound (Gauntlet)
3 creatures vanquished.

Vanquished Creatures (others)
  A hell hog (Gauntlet)
  A hound (D:6)
  2 orcs
  A kobold (D:4)
5 creatures vanquished.

Grand Total: 310 creatures vanquished

Notes
Turn   | Place    | Note
-------+----------+-------------------------------------------
     0 | D:1      | qeuew the Formicid Hunter began the quest for the Orb.
     0 | D:1      | Reached XP level 1. HP: 16/16 MP: 1/1
   142 | D:1      | Reached XP level 2. HP: 22/22 MP: 2/2
   408 | D:1      | Reached XP level 3. HP: 28/28 MP: 3/3
   588 | D:1      | Identified a scroll of acquirement
   588 | D:1      | Acquired the +3 warlock's mirror {reflect}
   588 | D:1      | Found the +3 warlock's mirror {reflect}
   600 | D:1      | Gained mutation: You are strong-willed. (Will+) [potion of
                  | mutation]
   600 | D:1      | Gained mutation: Your natural rate of healing is unusually
                  | fast. [potion of mutation]
   600 | D:1      | Gained mutation: You heal very quickly. [potion of
                  | mutation]
   600 | D:1      | Gained mutation: You expend magic power (3 MP) to
                  | strengthen your wands. [potion of mutation]
   669 | D:2      | Reached skill level 1 in Armour
   726 | D:2      | Found a faded altar of an unknown god.
   895 | D:2      | Reached XP level 4. HP: 34/34 MP: 4/4
  1900 | D:4      | Noticed a scorpion
  1910 | D:4      | Killed a scorpion
  1911 | D:4      | Reached XP level 5. HP: 38/41 MP: 5/5
  2010 | D:4      | Reached skill level 5 in Ranged Weapons
  2050 | D:4      | Reached XP level 6. HP: 47/47 MP: 6/6
  2281 | D:4      | Noticed an ice beast
  2294 | D:4      | Killed an ice beast
  2670 | D:5      | Entered Level 5 of the Dungeon
  2672 | D:5      | Noticed a black bear
  2677 | D:5      | Reached XP level 7. HP: 52/52 MP: 7/7
  2704 | D:5      | Identified the +7 falchion of Moumem {flame, rElec rC+
                  | Int+6}
  2844 | D:5      | Reached skill level 6 in Ranged Weapons
  3004 | D:5      | Reached skill level 1 in Shields
  3004 | D:5      | Reached XP level 8. HP: 60/60 MP: 8/8
  3264 | D:5      | Noticed Duvessa
  3264 | D:5      | Noticed Dowan
  3277 | D:5      | Killed Duvessa
  3278 | D:5      | Reached skill level 5 in Dodging
  3284 | D:5      | Killed Dowan
  3430 | D:5      | Noticed a wyvern
  3480 | D:5      | Reached skill level 5 in Fighting
  3486 | D:5      | Reached skill level 7 in Ranged Weapons
  3486 | D:5      | Reached XP level 9. HP: 56/68 MP: 9/9
  3872 | D:6      | Found a bloodstained altar of Trog.
  3878 | D:6      | Reached skill level 1 in Axes
  3946 | D:6      | HP: 2/68 [ogre/+0 giant club (28)]
  3951 | D:6      | Reached skill level 5 in Armour
  4091 | D:6      | Found a sacrificial altar of Ru.
  4369 | D:6      | Reached skill level 8 in Ranged Weapons
  4402 | D:6      | Reached XP level 10. HP: 54/76 MP: 10/10
  4709 | D:7      | Identified the +0 leather armour of Beogh's Benevolence
                  | {rElec rC+ Regen+ rCorr}
  4740 | D:7      | Reached skill level 5 in Shields
  4782 | D:7      | Found a staircase to the Ecumenical Temple.
  4799 | Temple   | Entered the Ecumenical Temple
  4867 | Temple   | Became a worshipper of the Shining One
  5181 | D:7      | Got Yphavoc's Witchery, Part One
  5412 | D:8      | Reached skill level 1 in Evocations
  5430 | D:8      | Found Buazus's Armour Shoppe.
  5558 | D:8      | Found a white marble altar of Elyvilon.
  5565 | D:8      | Found an iron altar of Okawaru.
  5573 | D:8      | Found a shimmering altar of Xom.
  5580 | D:8      | Found a shadowy altar of Dithmenos.
  5586 | D:8      | Found a snail-covered altar of Cheibriados.
  5594 | D:8      | Found a burning altar of Makhleb.
  5599 | D:8      | Found a sparkling altar of Nemelex Xobeh.
  5708 | D:8      | Found a large runed translucent door.
  5708 | D:8      | Found a large runed translucent door.
  5709 | D:8      | Noticed Manisia's ghost (novice MiBe)
  6112 | D:9      | Reached * piety under the Shining One
  6113 | D:9      | Reached skill level 1 in Invocations
  6552 | D:9      | Reached skill level 9 in Ranged Weapons
  6641 | D:10     | Entered Level 10 of the Dungeon
  6664 | D:10     | Noticed a kobold demonologist
  6667 | D:10     | Reached XP level 11. HP: 33/83 MP: 8/12
  6674 | D:10     | HP: 3/83 [komodo dragon (18)]
  6676 | D:10     | Noticed a sixfirhy
  6685 | D:10     | Noticed a sixfirhy
  6688 | D:10     | Noticed Gastronok
  6756 | D:10     | Found Sisalus's Jewellery Emporium.
  6951 | D:10     | Killed Gastronok
  7282 | D:10     | Found a staircase to the Lair.
  7466 | D:10     | Found a staircase to the Orcish Mines.
  7629 | Lair:1   | Entered Level 1 of the Lair of Beasts
  7645 | Lair:1   | Noticed an elephant
  7645 | Lair:1   | Noticed an elephant
  7646 | Lair:1   | Noticed an elephant
  7670 | Orc:1    | Entered Level 1 of the Orcish Mines
  7682 | Orc:1    | Reached ** piety under the Shining One
  7797 | Orc:1    | Noticed an orc sorcerer
  7803 | Orc:1    | Killed an orc sorcerer
  7859 | Orc:1    | Found Korullikk's Assorted Antiques.
  7966 | D:10     | Bought the ring of Qurajur {rC+ Str+2 Int-3 Dex+3 Slay+2}
                  | for 579 gold pieces
  8060 | Orc:2    | Entered Level 2 of the Orcish Mines
  8073 | Orc:2    | Found Vyna Aqi's Book Emporium.
  8073 | Orc:2    | Found Mycw's Weapon Emporium.
  8084 | Orc:1    | Noticed Fannar
  8234 | D:11     | Found a gate leading to a gauntlet.
  8247 | Gauntlet | Entered a Gauntlet
  8247 | Gauntlet | Found a transporter.
  8247 | Gauntlet | Found a transporter.
  8258 | Gauntlet | Found a transporter.
  8285 | Gauntlet | Found a transporter.
  8285 | Gauntlet | Found a transporter.
  8290 | Gauntlet | Noticed a necromancer
  8295 | Gauntlet | Found a transporter.
  8295 | Gauntlet | Noticed a salamander
  8304 | Gauntlet | a salamander changed into a polar bear
  8307 | Gauntlet | Found a transporter.
  8308 | Gauntlet | Found a transporter.
  8313 | Gauntlet | Killed a necromancer
  8332 | Gauntlet | Noticed a reaper
  8344 | Gauntlet | Noticed a shock serpent
  8352 | Gauntlet | Found a transporter.
  8360 | Gauntlet | Found a runed translucent gate.
  8361 | Gauntlet | Found a runed translucent gate.
  8364 | Gauntlet | Noticed a hell hog
  8366 | Gauntlet | Found a runed translucent gate.
  8369 | Gauntlet | Found a transporter.
  8378 | Gauntlet | Reached XP level 12. HP: 8/91 MP: 10/14
  8381 | Gauntlet | Found a transporter.
  8416 | Gauntlet | Identified the ring of the Raven {Ice Str+5 Dex-3}
  8416 | Gauntlet | Noticed a minotaur
  8416 | Gauntlet | Reached *** piety under the Shining One
  8420 | Gauntlet | HP: 3/91 [minotaur/staff of poison (2)]
  8424 | Gauntlet | Identified the ring of Ru's Brutal Revenge {MP+9 Dex+2}
  8520 | D:11     | Identified the +2 ring mail "Avey" {Harm rC+ rCorr Int+3}
  8531 | D:11     | Reached skill level 10 in Ranged Weapons
  9046 | D:11     | Identified the +1 scale mail of Oblivion {Int+2}
  9421 | D:12     | Reached skill level 5 in Axes
  9660 | D:12     | Noticed a boulder beetle
  9686 | D:12     | Killed a boulder beetle
  9992 | Orc:2    | Reached **** piety under the Shining One
 10082 | Orc:2    | Found a staircase to the Elven Halls.
 10097 | Orc:2    | Noticed Nessos
 10123 | Orc:2    | Noticed an orc high priest
 10126 | Orc:2    | Noticed a sun demon
 10128 | Orc:2    | Noticed Nergalle
 10133 | Orc:2    | Slain by an orc knight

Illustrated notes

Levels and vault maps discovered:
D:1:      noname_arrival_rooms_in_the_neighbourhood, layout_rooms,
          minmay_pentomino_s4
D:2:      layout_loops_ring, hellmonk_ecumenical_altar_run_dry, minmay_between
D:3:      layout_loops_cross
D:4:      layout_basic, minmay_box_of_dots
D:5:      minmay_clustersquares, layout_loops_ring, uniq_duvessa
D:6:      layout_loops_ring, mainiacjoe_overflow_six_doors_small,
          lemuel_doored_altar, minmay_manual_mess
D:7:      layout_loops_ring, minmay_temple_entry_antechambers,
          mrwooster_statue_mirror, minmay_diced_spiral
D:8:      layout_cave_pools, grunt_temple_overflow_octagram,
          ebering_ghost_disaster_area, serial_shops, nicolae_shop_stone
D:9:      layout_basic, serial_ice, serial_ice_b, serial_ice_h, serial_ice_l,
          serial_ice_g
D:10:     layout_basic, hellmonk_lair_entry_icy, david_orc_3, serial_shops,
          nicolae_inconvenience_store, uniq_gastronok
D:11:     layout_basic, gauntlet_entry_generic
D:12:     layout_roguey
Temple:   hellmonk_temple_forest_ring
Lair:1:   beast_lair_carwin_large_1, layout_big_grid
Orc:1:    layout_caves, serial_shops, nicolae_lakefront_shop, uniq_fannar
Orc:2:    grunt_orc_cross, layout_caves, basic_altar, serial_shops,
          nicolae_shop_crystal, shop, shop, mines1_david, uniq_nessos

Skill      XL: |  1  2  3  4  5  6  7  8  9 10 11 12 |
---------------+-------------------------------------+-----
Dodging        | 2 3 4 5 6 7 8 9 |  9.3
Armour         | 1 2 3 4 5 6 7 |  7.4
Fighting       | 3 4 5 6 7 8 |  8.0
Ranged Weapons | 5 6 7 8 9 10 | 10.6
Shields        | 1 2 4 6 8 9 |  9.8
Axes           | 2 3 4 5 |  5.2
Evocations     | 2 3 4 |  4.8
Invocations    | 1 3 4 |  4.9
Stealth        | |  1.2

Action                   |  1- 3 |  4- 6 |  7- 9 | 10-12 || total
-------------------------+-------+-------+-------+-------++-------
Melee: Hand axe          |       |       |       |     4 ||     4
       Battleaxe         |       |       |       |   117 ||   117
 Fire: Shortbow          |   108 |   163 |   381 |   703 ||  1355
Throw: Throwing net      |       |       |       |     2 ||     2
Invok: Divine Shield     |       |       |       |     3 ||     3
 Abil: Dig               |     4 |       |       |     1 ||     5
Evoke: Wand              |       |       |       |     3 ||     3
  Use: Scroll            |     5 |     4 |       |     7 ||    16
       Potion            |     5 |     3 |     4 |     9 ||    21
Armor: Leather armour    |    15 |       |       |    79 ||    94
       Ring mail         |       |    35 |    91 |    25 ||   151
Dodge: Dodged            |    38 |    59 |   176 |   496 ||   769
Block: Buckler           |    21 |    30 |   140 |   382 ||   573
       Reflection        |       |     1 |     4 |    20 ||    25

Table legend: (Time is in decaauts)
 A = Elapsed time spent in this place.
 B = Non-inter-level travel time spent in this place.
 C = Inter-level travel time spent in this place.
 D = Time resting spent in this place.
 E = Time spent auto-exploring this place.
 F = Levels seen in this place.
 G = Mean time per level.
                   A        B        C        D        E       F      G
               +--------+--------+--------+--------+--------+-----+--------+
         Total |  10458 |   9765 |    693 |     92 |   6911 |  17 |  615.2 |
       Dungeon |   9603 |   9041 |    562 |     87 |   6539 |  12 |  800.2 |
        Temple |     82 |     70 |     12 |      0 |     56 |   1 |   82.0 |
          Lair |     23 |     19 |      4 |      0 |     14 |   1 |   23.0 |
  Orcish Mines |    557 |    442 |    115 |      0 |    288 |   2 |  278.5 |
      Gauntlet |    190 |    190 |      0 |      5 |     14 |   1 |  190.0 |
               +--------+--------+--------+--------+--------+-----+--------+

Top non-repeatable levels by time:
    D:10: 1185 daAuts
     D:5: 1045 daAuts
     D:6: 905 daAuts
    D:11: 860 daAuts
     D:4: 812 daAuts
     D:7: 800 daAuts
    D:12: 717 daAuts
     D:2: 717 daAuts
     D:1: 671 daAuts
     D:9: 667 daAuts
     D:8: 651 daAuts
     D:3: 567 daAuts
   Orc:1: 324 daAuts
   Orc:2: 233 daAuts
Gauntlet: 190 daAuts
